 Dungeon Crawl Stone Soup version 0.31-a0-220-gc2f4f3cf83 (webtiles) character file.

Game seed: 835007486130683114

280 qw the Shooter (level 6, -8/37 HPs)
             Began as a Gargoyle Hexslinger on July 3, 2023.
             Killed by divine providence
             ... invoked by an orc priest
              (12 damage)
             ... on level 4 of the Dungeon.
             The game lasted 00:01:28 (3272 turns).

qw the Shooter (Gargoyle Hexslinger)                Turns: 3272, Time: 00:01:28

Health: -8/37      AC: 10    Str: 11    XL:     6   Next: 27%
Magic:  7/7        EV: 10    Int: 14    God:
Gold:   169        SH:  0    Dex: 14    Spells: 6/7 levels left

rFire   . . .        Y - +1 sling
rCold   . . .        (no shield)
rNeg    + + .        h - +0 ring mail
rPois   inf          d - +0 helmet
rElec   +            (no cloak)
rCorr   .            (no gloves)
SInv    .            (no boots)
Will    .....        (no amulet)
Stlth   +            a - ring of positive energy
HPRegen 0.26/turn    (no ring)
MPRegen 0.10/turn

%: no passive effects
@: no status effects
A: sickness immunity, AC +4, negative energy resistance 1, electricity
resistance, torment resistance 1, petrification resistance
a: no special abilities


You were on level 4 of the Dungeon.
You visited 1 branch of the dungeon, and saw 4 of its levels.

You collected 169 gold pieces.


Innate Abilities, Weirdness & Mutations

You are immune to sickness and miasma.
Your stone body is resilient. (AC +4)
You are immune to poison.
You resist negative energy. (rN+)
You are resistant to electric shocks. (rElec)
You are resistant to unholy torment.
You are immune to petrification.


   Skills:
 - Level 3.3 Fighting
 + Level 5.5 Ranged Weapons
 - Level 1.0 Armour
 - Level 1.5 Dodging
 - Level 1.0 Spellcasting
 - Level 2.6 Hexes


You had 6 spell levels left.
You knew the following spells:

 Your Spells              Type           Power      Damage    Failure   Level
a - Slow                  Hex            32%        N/A       21%         1

Your spell library contained the following spells:

 Spells                   Type           Power      Damage    Failure   Level
 Inner Flame              Hex/Fire       4%         N/A       71%         3
 Portal Projectile        Hex/Tloc       8%         N/A       71%         3
 Cause Fear               Hex            4%         N/A       90%         4

Inventory:

Hand Weapons
 Y - a +1 sling (weapon)
Armour
 d - a +0 helmet (worn)
 h - a +0 ring mail (worn)
Jewellery
 a - a ring of positive energy (left hand)
Scrolls
 c - a scroll of identify
Potions
 i - a potion of mutation
 j - a potion of might
 k - a potion of resistance {unknown}

Dungeon Overview and Level Annotations

Branches:
Dungeon (4/15)
 Temple: D:4-7

Altars:


Message History

You shoot a sling bullet.
The sling bullet barely misses the water moccasin skeleton.
The hound zombie bites you but does no damage.
The adder zombie misses you.
The hound zombie bites you but does no damage.
The water moccasin skeleton bites you but does no damage.
The hound zombie bites you but does no damage.
The howler monkey skeleton hits you but does no damage.
You shoot a sling bullet.
The sling bullet hits the water moccasin skeleton.
The water moccasin skeleton is almost destroyed.
The hound zombie bites you.
The adder zombie bites you but does no damage.
The water moccasin skeleton bites you but does no damage.
The hound zombie bites you but does no damage.
The hound zombie misses you. The howler monkey skeleton misses you.
The adder zombie bites you but does no damage.
The water moccasin skeleton bites you. The hound zombie misses you.
You shoot a sling bullet.
The sling bullet hits the water moccasin skeleton.
The water moccasin skeleton is almost destroyed.
The hound zombie bites you but does no damage.
The adder zombie closely misses you.
The howler monkey skeleton hits you but does no damage.
The hound zombie misses you.
The water moccasin skeleton barely misses you.
The hound zombie barely misses you.
The orc priest calls down the wrath of Beogh upon you.
Beogh smites you!
You shoot a sling bullet.
The sling bullet hits the water moccasin skeleton.
The water moccasin skeleton is almost destroyed.
The hound zombie bites you.
The water moccasin skeleton bites you but does no damage.
The adder zombie bites you but does no damage.
The howler monkey skeleton closely misses you.
The hound zombie bites you. The hound zombie closely misses you.
The orc priest calls down the wrath of Beogh upon you.
Beogh smites you!
You die...

#.#.....###
#.#........
#..........
##.........)
####.....[.....
..~....o.......
.~~!~.ZZZ.:....
.~~~~.Z@.>.....
..~~~.Z###....#
.~~~~.. P.#
..~...# #
..#### .


You could see an orc priest, an adder zombie, 2 hound zombies, a water moccasin
skeleton and a howler monkey skeleton.

Vanquished Creatures
  A scorpion (D:3)
  A bullfrog zombie (D:4)
  A bullfrog skeleton (D:4)
  An iguana (D:3)
  An orc wizard (D:3)
  3 adders
  A worm (D:2)
  2 dart slugs (D:2)
  4 orcs (D:3)
  7 ball pythons
  6 bats
  4 endoplasms (D:1)
  3 giant cockroaches
  9 goblins
  5 hobgoblins
  2 jackals (D:2)
  3 quokkas
  4 frilled lizards
  7 kobolds
  7 rats
72 creatures vanquished.

Vanquished Creatures (others)
  A dart slug (D:2)
  A ball python (D:2)
2 creatures vanquished.

Grand Total: 74 creatures vanquished

Notes
Turn   | Place    | Note
-------+----------+-------------------------------------------
     0 | D:1      | qw the Gargoyle Hexslinger began the quest for the Orb.
     0 | D:1      | Reached XP level 1. HP: 12/12 MP: 2/2
     0 | D:1      | 0 ||| qw: Version: 0.3-a-40-ge99b1a8
     0 | D:1      | 0 ||| qw: Game counter: 492
     0 | D:1      | 0 ||| qw: Melee chars always use a shield: true
     0 | D:1      | 0 ||| qw: God list: Okawaru
     0 | D:1      | 0 ||| qw: Allow faded altars: false
     0 | D:1      | 0 ||| qw: Do Orc after clearing Dungeon:15 true
     0 | D:1      | 0 ||| qw: Do second Lair branch before Depths: true
     0 | D:1      | 0 ||| qw: Lair rune preference: random
     0 | D:1      | 0 ||| qw: Goals: Normal
     0 | D:1      | 0 ||| PLANNING D:1-11
   180 | D:1      | Reached XP level 2. HP: 13/16 MP: 3/3
   262 | D:1      | Reached skill level 3 in Ranged Weapons
   410 | D:1      | Reached XP level 3. HP: 21/21 MP: 4/4
   862 | D:1      | 862 ||| UPGRADING to +0 helmet.
   867 | D:1      | 867 ||| UPGRADING to +0 ring mail.
   877 | D:1      | 877 ||| DROPPING +0 robe.
   878 | D:1      | 878 ||| READING scroll labelled UFUPLY OFOI.
   879 | D:1      | 879 ||| DROPPING scroll of poison.
  1051 | D:2      | Reached skill level 1 in Armour
  1080 | D:2      | 1080 ||| Stepping ~*~*~tactically~*~*~ (water).
  1236 | D:2      | 1236 ||| READING scroll labelled NAWUIT FUFEIR.
  1460 | D:2      | Reached XP level 4. HP: 25/26 MP: 5/5
  1729 | D:2      | 1729 ||| UPGRADING to ring of positive energy.
  1730 | D:2      | 1730 ||| READING scroll labelled UNUGYLOBROL.
  1951 | D:3      | Reached skill level 4 in Ranged Weapons
  2216 | D:3      | Reached XP level 5. HP: 30/30 MP: 6/6
  2394 | D:3      | 2394 ||| READING scroll labelled TYSIEG XEFAWESM.
  2395 | D:3      | 2395 ||| READING scroll labelled CAHUTO ACEOMEIZXO.
  2412 | D:3      | 2412 ||| READING 6 scrolls of identify.
  2412 | D:3      | 2412 ||| IDENTIFYING black potion
  2413 | D:3      | 2413 ||| READING 5 scrolls of identify.
  2413 | D:3      | 2413 ||| IDENTIFYING murky ruby potion
  2414 | D:3      | 2414 ||| READING 4 scrolls of identify.
  2414 | D:3      | 2414 ||| IDENTIFYING ruby potion
  2415 | D:3      | 2415 ||| READING 3 scrolls of identify.
  2415 | D:3      | 2415 ||| IDENTIFYING white potion
  2416 | D:3      | 2416 ||| READING 2 scrolls of identify.
  2416 | D:3      | 2416 ||| IDENTIFYING emerald potion
  2417 | D:3      | 2417 ||| DROPPING potion of degeneration.
  2418 | D:3      | 2418 ||| DROPPING potion of brilliance.
  2425 | D:4      | 2425 ||| STAIRDANCE
  2461 | D:4      | 2461 ||| STAIRDANCE
  2476 | D:3      | HP: 3/30 [iguana (6)]
  2477 | D:3      | 2477 ||| DRINKING potion of heal wounds.
  2483 | D:3      | Reached skill level 5 in Ranged Weapons
  2498 | D:4      | 2498 ||| STAIRDANCE
  2560 | D:4      | 2560 ||| STAIRDANCE
  2581 | D:4      | 2581 ||| STAIRDANCE
  2606 | D:4      | 2606 ||| STAIRDANCE
  2653 | D:4      | 2653 ||| STAIRDANCE
  2705 | D:4      | 2705 ||| STAIRDANCE
  2718 | D:3      | HP: 6/30 [scorpion (5)]
  2723 | D:3      | Reached skill level 3 in Fighting
  2832 | D:4      | 2832 ||| STAIRDANCE
  2888 | D:4      | 2888 ||| STAIRDANCE
  2953 | D:4      | 2953 ||| STAIRDANCE
  3000 | D:4      | 3000 ||| STAIRDANCE
  3035 | D:4      | 3035 ||| STAIRDANCE
  3071 | D:4      | Reached XP level 6. HP: 33/37 MP: 7/7
  3071 | D:4      | 3071 ||| STAIRDANCE
  3094 | D:4      | 3094 ||| STAIRDANCE
  3124 | D:4      | 3124 ||| STAIRDANCE
  3164 | D:4      | 3164 ||| STAIRDANCE
  3189 | D:4      | 3189 ||| STAIRDANCE
  3214 | D:4      | 3214 ||| STAIRDANCE
  3232 | D:4      | 3232 ||| STAIRDANCE
  3271 | D:4      | HP: 6/37 [orc priest/divine providence (16)]
  3272 | D:4      | Killed from afar by an orc priest

Levels and vault maps discovered:
D:1:      tarquinn_simple_flora_water_a, layout_basic
D:2:      layout_basic, serial_bayou, serial_bayou_shore_a, serial_bayou_lake_a,
          serial_bayou_lagoon_a, serial_bayou_pond_d, lemuel_flame_loot_1
D:3:      layout_basic, hangedman_decor_slide_cut
D:4:      layout_loops_ring, serial_undead, serial_undead_c, serial_undead_c,
          serial_undead_b, serial_undead_f

Skill      XL: |  1  2  3  4  5 |
---------------+----------------+-----
Ranged Weapons | 3 4 5 |  5.5
Fighting       | 2 3 |  3.3
Armour         | 1 |  1.0
Dodging        | |  1.5
Spellcasting   | |  1.0
Hexes          | |  2.6

Action                     |  1- 3 |  4- 6 || total
---------------------------+-------+-------++-------
   Fire: Sling             |   147 |   170 ||   317
    Use: Scroll            |     2 |     8 ||    10
         Potion            |       |     1 ||     1
 Armour: Robe              |    12 |       ||    12
         Ring mail         |    29 |   281 ||   310
  Dodge: Dodged            |    44 |   272 ||   316

Table legend:
 A = Non-vault XP
 B = Vault XP
 C = Vault XP percentage of total XP
 D = Non-vault monster count
 E = Vault monster count
 F = Vault count percentage of total count
                 A         B        C        D         E       F
            +---------+---------+-------+---------+---------+-------
      Total |     315 |      86 |  21.4 |      70 |       2 |   2.8
            +---------+---------+-------+---------+---------+-------
        D:1 |      44 |       0 |   0.0 |      25 |       0 |   0.0
        D:2 |      61 |       0 |   0.0 |      27 |       0 |   0.0
        D:3 |     210 |       0 |   0.0 |      18 |       0 |   0.0
        D:4 |       0 |      86 | 100.0 |       0 |       2 | 100.0
            +---------+---------+-------+---------+---------+-------
